 Dungeon Crawl Stone Soup version 0.24.0-37-gcf1ca852f1 (webtiles) character file.

Game seed: 9161009975117190664, levelgen mode: deterministic

1611 Ponchio the Geomancer (level 8, -12/41 HPs)
             Began as a Gargoyle Earth Elementalist on Dec 7, 2019.
             Killed by divine providence
             ... invoked by an orc priest
              (15 damage)
             ... on level 4 of the Dungeon.
             The game lasted 00:19:02 (5425 turns).

Ponchio the Geomancer (Gargoyle Earth Elementalist) Turns: 5425, Time: 00:19:02

Health: -12/41     AC: 11    Str: 12    XL:     8   Next: 95%
Magic:  18/20      EV: 12    Int: 18    God:
Gold:   180        SH:  0    Dex: 10    Spells: 17/23 levels left

rFire    . . .     SeeInvis .   r - +1 short sword (vamp)
rCold    . . .     Gourm    .   (no shield)
rNeg     + . .     Faith    .   c - +0 robe rPois āˆž Spirit .
                                h - +0 helmet
rElec    +         Reflect  .   j - +2 cloak
rCorr    .         Harm     +   (no gloves)
MR       +....                  (no boots)
Stlth    +++.......             e - amulet of harm
HPRegen  0.13/turn              a - ring of stealth
MPRegen  0.17/turn              q - ring of protection from magic

@: no status effects
A: negative energy resistance 1, electricity resistance, unbreathing,
petrification resistance, rot immunity, AC +5
a: no special abilities


You were on level 4 of the Dungeon.
You were not hungry.

You visited 1 branch of the dungeon, and saw 4 of its levels.

You collected 180 gold pieces.

Inventory:

Hand Weapons
 r - a +1 vampiric short sword (weapon)
Missiles
 b - 111 stones (quivered)
Armour
 c - a +0 robe (worn)
 h - a +0 helmet (worn)
 j - a +2 cloak (worn)
Jewellery
 a - a ring of stealth (left hand)
 e - an amulet of harm (around neck)
 q - a ring of protection from magic (right hand)
Scrolls
 g - a scroll of teleportation
 k - a scroll of remove curse
 p - 2 scrolls of identify
 s - a scroll of amnesia
 t - a scroll of enchant armour {unknown}
Potions
 f - 4 potions of curing
 i - a potion of flight
 l - a potion of berserk rage
 m - a potion of agility {unknown}
 n - a potion of mutation {unknown}
 o - a potion of magic {unknown}
Comestibles
 d - 11 rations


   Skills:
 - Level 1.5 Dodging
 - Level 2.1 Stealth
 * Level 8.4 Spellcasting
 - Level 0.7 Transmutations
 + Level 8.5 Earth Magic


You had 17 spell levels left.
You knew the following spells:

 Your Spells              Type           Power        Failure   Level  Hunger
a - Sandblast             Erth           #####.       1%          1    None
b - Passwall              Tmut/Erth      ###.....     2%          2    None
c - Stone Arrow           Conj/Erth      ###...       4%          3    None

Your spell library contained the following spells:

 Spells                   Type           Power        Failure   Level  Hunger
 Lee's Rapid Deconstruct  Erth           #####.....   8%          5    #####..
 Animate Skeleton         Necr           N/A          10%         1    None
 Apportation              Tloc           #.....       10%         1    None
 Confusing Touch          Hex            #.....       10%         1    None
 Summon Small Mammal      Summ           #...         10%         1    None
 Petrify                  Tmut/Erth      ###.....     14%         4    ###....


Dungeon Overview and Level Annotations

Branches:
Dungeon (4/15)
 Temple: D:4-7

Altars:
Ashenzari
Elyvilon
Gozag
Kikubaaqudgha
Qazlal
Ru
Xom
Yredelemnul
The Shining One
Beogh


Innate Abilities, Weirdness & Mutations

You are resistant to torment.
Your stone body is resilient. (AC +5)
You are immune to poison.
You resist negative energy. (rN+)
You are resistant to electric shocks. (rElec)
You can survive without breathing.
You are immune to petrification.
You are immune to rotting.


Message History

Aiming: Sandblast (safe; 1% risk of failure)
Press: ? - help, Shift-Dir - straight line, f - orc
Aim: an orc, wielding a +4 dire flail and wearing the +5 scale mail of the Forest {rN++ Str-2 Dex+5} (moderately wounded)
The blast of sand hits the orc!
You kill the orc!
b - 112 stones
Casting: Sandblast (safe; 1% risk of failure)
Confirm with . or Enter, or press ? or * to list all spells.
Aiming: Sandblast (safe; 1% risk of failure)
Press: ? - help, Shift-Dir - straight line, f - orc
Aim: an orc, wielding a +0 mace and wearing a +0 chain mail The blast of sand hits the orc!
You kill the orc!
b - 111 stones The orc priest mumbles some strange prayers to Beogh against you.
Beogh smites you!
* * * LOW HITPOINT WARNING * * *
The orc priest mumbles some strange prayers to Beogh against you.
Beogh smites you!
You die...

######..........# #..###....... ##
#..........## ##..# #.......
.##########8###..###..## #.......
...#8.....#.# ##..##..# ##.......
...#..##..#.# #......###........
...#..8#..#.# ##.....#..........
...#..##..#.# #................
...#)...#.#.#####..###....##.....
...#[...#.o...).@...####..##.....
...#_.8o#.'...##..#.# #..###....
#..#[...#.'.#####...#####........
#..#....#.#.####......###........
..##..##..#.##...āŒ ..........###..
..# .o8#.o#.........ā‰ˆ........####
.###..##..#........Pā‰ˆP...........
.#.#8o....#......#..P............
..<########8....##'...##.....##..


You could see an orc priest.

Vanquished Creatures
  Pikel (D:3)
  Grinder (D:4)
  Eustachio (D:4)
  The ghost of PentaManta the Slasher, an amateur OpFi of Dithmenos (D:4)
  2 phantoms (D:4)
  An ogre (D:4)
  4 orc priests (D:4)
  3 orc wizards (D:4)
  2 worker ants (D:4)
  Robin (D:3)
  2 adders
  3 oozes
  A worm (D:2)
  5 dart slugs
  5 leopard geckos
  18 orcs
  2 ball pythons (D:2)
  3 giant cockroaches
  15 hobgoblins
  6 jackals
  2 quokkas
  6 bats
  7 frilled lizards
  11 goblins
  7 kobolds
  A quokka skeleton (D:4)
  9 rats
120 creatures vanquished.

Vanquished Creatures (others)
  A slave (D:4)
  An orc wizard (D:4)
  A worker ant (D:4)
  6 orcs (D:4)
9 creatures vanquished.

Grand Total: 129 creatures vanquished

Notes
Turn   | Place    | Note
-------+----------+-------------------------------------------
     0 | D:1      | Ponchio the Gargoyle Earth Elementalist began the quest for
                  | the Orb.
     0 | D:1      | Reached XP level 1. HP: 10/10 MP: 3/3
   267 | D:1      | Reached XP level 2. HP: 15/15 MP: 0/5
   664 | D:1      | Reached XP level 3. HP: 19/19 MP: 5/7
   851 | D:1      | Found a shimmering blue altar of Sif Muna.
   853 | D:1      | Found a hide-covered altar of Uskayaw.
   853 | D:1      | Found a sacrificial altar of Ru.
   855 | D:1      | Found a basalt altar of Yredelemnul.
   855 | D:1      | Found a shimmering altar of Xom.
   855 | D:1      | Found a shimmering altar of Xom.
  1098 | D:2      | Learned a level 2 spell: Passwall
  1102 | D:2      | Learned a level 3 spell: Stone Arrow
  1433 | D:2      | Reached XP level 4. HP: 24/24 MP: 8/8
  2311 | D:3      | Noticed Robin
  2313 | D:3      | Found a shattered altar of Ashenzari.
  2358 | D:3      | Killed Robin
  2358 | D:3      | Reached skill level 5 in Earth Magic
  2358 | D:3      | Reached XP level 5. HP: 22/28 MP: 10/10
  2726 | D:3      | Found an opulent altar of Gozag.
  2772 | D:3      | Found a white marble altar of Elyvilon.
  3190 | D:4      | Noticed a phantom
  3190 | D:4      | Noticed Eustachio
  3246 | D:4      | Killed Eustachio
  3246 | D:4      | Reached XP level 6. HP: 24/32 MP: 6/13
  3337 | D:4      | Reached skill level 5 in Spellcasting
  3370 | D:4      | Noticed Grinder
  3618 | D:4      | Noticed a water elemental
  3620 | D:4      | Found a stormy altar of Qazlal.
  3624 | D:4      | Noticed a slave
  3625 | D:4      | Noticed Pikel
  3625 | D:4      | Noticed a slave
  3625 | D:4      | Noticed a slave
  3752 | D:4      | Noticed a slave
  3763 | D:3      | Killed Pikel
  3763 | D:3      | Reached XP level 7. HP: 35/36 MP: 3/17
  3763 | D:3      | Reached XP level 8. HP: 40/41 MP: 3/18
  4029 | D:4      | Found an ancient bone altar of Kikubaaqudgha.
  4062 | D:4      | Found a basalt altar of Yredelemnul.
  4321 | D:4      | Noticed an air elemental
  4427 | D:4      | Killed Grinder
  4509 | D:4      | Found a runed translucent gate.
  4509 | D:4      | Found a runed translucent gate.
  4509 | D:4      | Found a runed translucent gate.
  4593 | D:4      | Noticed PentaManta's ghost (amateur OpFi)
  4596 | D:4      | Found a roughly hewn altar of Beogh.
  4597 | D:4      | Identified the +5 scale mail of the Forest {rN++ Str-2
                  | Dex+5}
  4616 | D:4      | Found a glowing golden altar of the Shining One.
  5370 | D:4      | Killed PentaManta's ghost
  5425 | D:4      | Killed from afar by an orc priest

Levels and vault maps discovered:
D:1:      dpeg_arrival_leaves_temple_mockup, layout_basic, doesnt_xom_only_xom
D:2:      minmay_angry_zag, layout_loops_ring, serial_bayou,
          serial_bayou_pond_b, serial_bayou_shore_a, serial_bayou_pond_b,
          serial_bayou_lagoon_a
D:3:      layout_basic, nicolae_overflow_crystal_walls, lemuel_round_altar,
          ashenzari_altar_1, uniq_robin
D:4:      layout_layer_cave, nicolae_qazlal_style_of_elements,
          kiku_gazebo_garden_becter, tso_oasis_becter,
          biasface_ghost_orc_armoury, yredelemnul_altar_generic, uniq_pikel,
          uniq_grinder, uniq_eustachio

Skill      XL: |  1  2  3  4  5  6  7  8 |
---------------+-------------------------+-----
Earth Magic    | 4 5 7 8 |  8.5
Spellcasting   | 3 4 6 8 |  8.4
Dodging        | |  1.5
Stealth        | |  2.1
Transmutations | |  0.7

Action                   |  1- 3 |  4- 6 |  7- 9 || total
-------------------------+-------+-------+-------++-------
Melee: Unarmed           |     2 |       |       ||     2
       Dagger            |    24 |    51 |       ||    75
       Short sword       |       |    99 |   237 ||   336
 Cast: Sandblast         |    45 |    22 |    22 ||    89
       Stone Arrow       |       |     1 |       ||     1
  Use: Scroll            |       |     6 |       ||     6
 Stab: Sleeping          |     6 |    10 |       ||    16
       Distracted        |       |     1 |       ||     1
  Eat: Chunk             |     2 |     7 |     4 ||    13
       Ration            |       |       |     1 ||     1
Armor: Robe              |    18 |    93 |   104 ||   215
Dodge: Dodged            |    27 |   140 |   115 ||   282
